Map: Ultralove

Players

LiquidClem (Clem)

  • Race: Terran Terran
  • League: Grandmaster
  • Spawn Location: 7:00

MaxPax - Winner!

  • Race: Protoss Protoss
  • League: Master
  • Spawn Location: 1:00

VOD

Have the link to the VOD?

Description

Time

  • Played on: June 17, 2025, 10:04 p.m.
  • Length: 11:38
Show
View Real Time Build Order
Export as new Build Order

LiquidClem Terran 

Build Orders: 1/1/1 

Get SALT Encoding   

  12  0:00  SCV  
  13  0:12  SCV  
  14  0:17  Supply Depot  
  14  0:25  SCV  
  15  0:38  SCV  
  15  0:40  Barracks  
  16  0:42  Refinery  
  16  0:50  SCV  
  16  0:52  Refinery  
  17  1:02  SCV  
  18  1:14  SCV  
  19  1:27  Reaper, Orbital Command  
  19  1:31  Supply Depot  
  20  1:41  Factory  
  20  1:52  SCV  
  21  1:59  Barracks Reactor  
  21  2:05  SCV  
  22  2:15  Command Center  
  22  2:17  SCV  
  23  2:27  Starport  
  23  2:31  SCV  
  23  2:32  Factory Tech Lab  
  24  2:40  Supply Depot  
  24  2:42  Marine x2  
  26  2:46  SCV  
  27  2:55  Siege Tank  
  30  3:01  SCV  
  30  3:03  Marine  
  30  3:04  Marine  
  33  3:10  Medivac  
  35  3:13  SCV  
  36  3:21  Marine x2  
  36  3:26  SCV  
  39  3:37  Factory Tech Lab  
  39  3:38  SCV  
  39  3:40  Marine x2  
  41  3:48  Orbital Command  
  41  3:50  SCV  
  41  3:55  Banshee  
  44  3:57  Refinery  
  44  3:59  Siege Tank  
  47  4:05  Marine x2  
  47  4:06  SCV  
  50  4:13  Supply Depot  
  50  4:14  SCV  
  51  4:18  SCV  
  51  4:24  Marine x2  
  53  4:28  Bunker  
  54  4:35  Supply Depot, SCV x2  
  54  4:37  Siege Tank  
  59  4:43  Banshee  
  62  4:55  Barracks  
  62  4:57  SCV x2, Marine x2  
  62  4:58  Supply Depot  
  66  5:07  Supply Depot  
  66  5:09  SCV  
  66  5:10  Siege Tank  
  66  5:12  SCV  
  68  5:21  SCV  
  68  5:24  SCV, Marine  
  68  5:26  Viking, Marine  
  74  5:33  SCV  
  74  5:35  Supply Depot  
  75  5:37  SCV  
  75  5:42  Siege Tank  
  76  5:43  Marine  
  76  5:45  SCV  
  76  5:46  Supply Depot, Marine  
  76  5:49  SCV  
  78  5:57  SCV  
  78  6:01  SCV  
  78  6:02  Barracks  
  71  6:05  Engineering Bay, Refinery  
  71  6:08  Stimpack  
  71  6:10  SCV, Marine  
  73  6:13  SCV, Marine x2  
  73  6:17  Starport Reactor  
  76  6:22  SCV  
  76  6:24  Factory Reactor  
  76  6:25  SCV  
  77  6:28  Marine  
  77  6:31  Marine x2  
  80  6:34  Terran Infantry Weapons Level 1, SCV  
  80  6:38  Command Center  
  81  6:46  SCV x2  
  83  6:48  Supply Depot, Marine  
  83  6:50  Marauder  
  83  6:53  Marine  
  83  6:54  Supply Depot  
  87  6:58  Combat Shield, Supply Depot  
  87  7:00  Marauder  
  89  7:02  Medivac  
  89  7:05  Medivac  
  89  7:07  Widow Mine  
  95  7:09  Widow Mine  
  95  7:10  Marine  
  95  7:13  SCV x2  
  100  7:18  Marine  
  100  7:20  Marauder  
  100  7:21  Supply Depot  
  103  7:24  Marauder  
  103  7:28  SCV x2  
  107  7:31  Widow Mine x2, Marine  
  107  7:36  Marine  
  113  7:39  Medivac  
  113  7:40  Medivac  
  113  7:41  SCV  
  118  7:45  Barracks  
  118  7:48  Barracks  
  118  7:50  Marauder  
  120  7:53  Orbital Command  
  120  7:57  Marine x2  
  122  8:01  Widow Mine x2, SCV x2  
  128  8:06  Supply Depot  
  128  8:07  Marauder  
  128  8:08  Concussive Shells  
  130  8:13  Viking  
  130  8:14  Medivac  
  130  8:19  Marine x2  
  135  8:22  Supply Depot  
  135  8:23  Marauder  
  128  8:27  Widow Mine x2  
  128  8:28  SCV  
  128  8:29  SCV  
  128  8:32  Marauder  
  133  8:35  Barracks Tech Lab, Barracks Reactor  
  133  8:40  SCV  
  133  8:41  Orbital Command  
  130  8:42  SCV  
  130  8:44  Marauder  
  128  8:49  Widow Mine x2  
  128  8:50  Marine x2  
  128  8:55  Medivac  
  136  8:56  Marauder x2  
  127  9:03  SCV  
  127  9:05  Marauder  
  127  9:06  SCV  
  127  9:09  Marine  
  131  9:10  SCV, Marine  
  131  9:13  Supply Depot, Marine  
  131  9:15  Marine  
  131  9:16  Terran Infantry Armor Level 1  
  136  9:17  Marauder  
  136  9:19  SCV  
  136  9:22  Widow Mine x2  
  133  9:26  Marauder  
  133  9:27  Marauder  
  111  9:35  Marine x4  
  111  9:37  SCV  
  108  9:39  Marauder  
  108  9:40  SCV  
  108  9:42  SCV  
  108  9:44  Widow Mine  
  114  9:47  Marine  
  114  9:48  Medivac, Widow Mine  
  114  9:51  Marauder  
  121  9:56  Marine x2  
  121  9:57  Marine x2  
  125  10:00  Marauder  
  125  10:03  Ghost Academy  
  125  10:06  Viking  
  128  10:12  Engineering Bay, Armory  
  128  10:17  Widow Mine  
  128  10:18  Widow Mine  
  128  10:19  Marine  
  128  10:20  Marauder  
  128  10:21  Marine x2  
  128  10:26  Marauder  
  128  10:27  Marauder  
  134  10:33  Command Center  
  124  10:36  Viking  
  124  10:39  Viking  
  124  10:40  Widow Mine x2, Marine x2  
  124  10:42  Marine x2  
  133  10:45  Ghost  
  133  10:46  Refinery  
  133  10:49  Ghost  
  136  10:52  Ghost  
  142  10:57  Supply Depot  
  142  10:58  Marine  
  143  11:04  Bunker  
  143  11:08  Viking  
  145  11:15  SCV  
  145  11:16  Refinery  
  149  11:19  Marine x3  
  149  11:20  Marine  
Show
View Real Time Build Order
Export as new Build Order

MaxPax Protoss - Winner!

Build Orders: 1 Gate Expand, Blink Stalkers 

Get SALT Encoding   

  12  0:00  Probe  
  13  0:12  Probe  
  14  0:17  Pylon  
  14  0:23  Probe  
  15  0:31  Probe  
  16  0:35  Gateway  
  16  0:39  Probe  
  16  0:44  Assimilator  
  17  0:50  Probe  
  18  1:03  Probe  
  19  1:15  Probe  
  20  1:22  Cybernetics Core  
  22  1:29  Nexus  
  22  1:32  Probe  
  21  1:39  Pylon  
  21  1:44  Probe  
  21  1:46  Assimilator  
  22  1:48  Adept  
  22  1:56  Probe  
  22  2:00  Warp Gate  
  25  2:08  Adept, Probe  
  26  2:20  Probe  
  29  2:24  Twilight Council  
  29  2:31  Blink  
  29  2:32  Probe  
  30  2:38  Stalker  
  30  2:41  Probe  
  33  2:44  Probe  
  34  2:53  Gateway, Probe  
  34  2:56  Probe  
  36  3:06  Probe  
  36  3:09  Probe  
  38  3:18  Probe  
  39  3:21  Probe  
  39  3:23  Robotics Facility  
  40  3:27  Gateway  
  40  3:30  Probe  
  40  3:33  Probe  
  42  3:35  Pylon  
  43  3:49  Stalker  
  43  3:51  Probe x2, Stalker  
  43  3:53  Pylon  
  46  4:03  Probe x2  
  46  4:10  Warp Prism  
  46  4:16  Stalker x2  
  52  4:21  Probe x2  
  55  4:40  Stalker x3  
  59  4:46  Pylon, Observer  
  60  4:53  Pylon  
  60  4:57  Nexus  
  60  4:59  Pylon  
  60  5:00  Probe  
  60  5:02  Probe  
  62  5:14  Observer  
  62  5:17  Stalker x2  
  62  5:18  Probe  
  62  5:20  Assimilator, Probe  
  69  5:27  Stalker  
  71  5:30  Probe  
  71  5:32  Probe  
  71  5:41  Forge  
  71  5:42  Probe  
  72  5:43  Observer  
  72  5:44  Charge, Probe  
  72  5:49  Observer  
  73  5:54  Probe  
  73  5:56  Probe  
  75  6:00  Stalker x2, Protoss Ground Weapons Level 1  
  79  6:05  Probe, Observer  
  79  6:06  Probe  
  79  6:08  Probe  
  82  6:12  Gateway  
  82  6:13  Shield Battery, Probe  
  82  6:14  Gateway, Probe  
  82  6:15  Gateway  
  82  6:16  Probe  
  83  6:21  Probe  
  83  6:22  Observer  
  83  6:23  Probe  
  85  6:25  Shield Battery, Probe  
  87  6:33  Probe  
  87  6:35  Probe  
  87  6:37  Sentry, Gateway, Probe  
  87  6:38  Sentry  
  87  6:39  Gateway  
  94  6:49  Assimilator  
  94  6:51  Pylon  
  94  6:53  Pylon  
  94  6:54  Pylon  
  94  6:57  Robotics Bay, Immortal  
  94  6:58  Probe  
  94  7:00  Nexus  
  99  7:11  Zealot x2  
  99  7:12  Zealot  
  105  7:15  Zealot  
  105  7:20  Shield Battery  
  107  7:24  Probe  
  107  7:25  Probe  
  107  7:27  Probe  
  110  7:31  Zealot x2  
  110  7:32  Zealot x3  
  120  7:48  Pylon  
  120  7:49  Protoss Ground Weapons Level 2  
  120  7:56  Colossus  
  120  7:59  Zealot  
  120  8:00  Zealot  
  120  8:05  Pylon  
  124  8:06  Extended Thermal Lance  
  124  8:07  Zealot  
  132  8:12  Zealot x3  
  132  8:13  Zealot x2  
  132  8:14  Probe  
  132  8:15  Probe  
  132  8:17  Probe x2  
  132  8:18  Photon Cannon  
  145  8:27  Probe  
  140  8:34  Zealot x8  
  134  8:40  Colossus  
  138  9:00  Zealot x8  
  138  9:02  Probe x4  
  144  9:15  Gateway  
  144  9:16  Gateway  
  144  9:20  Colossus  
  104  9:34  Sentry, Zealot x7  
  116  9:44  Pylon  
  116  9:48  Forge  
  116  9:52  Nexus  
  115  9:53  Pylon  
  115  9:55  Pylon  
  115  9:57  Dark Shrine  
  115  10:01  Colossus  
  115  10:03  Zealot, Stalker x3  
  115  10:04  Stalker  
  119  10:12  Probe x4  
  127  10:22  Stalker x5  
  133  10:39  Zealot x5  
  141  10:43  Probe x2  
  141  10:45  Photon Cannon  
  141  10:47  Shield Battery  
  143  10:53  Assimilator x2  
  143  10:54  Robotics Facility  
  143  10:57  Zealot x5  
  159  11:08  Zealot x2  
  163  11:13  Zealot x3  
  169  11:24  Zealot x5  
Tags
 
Add a new tag
Caveats
  • Supply blocks, unpowered buildings, or Contaminate may cause inaccurate times.
  • Supply counts are checked every 10 seconds.